 Dungeon Sprint DCSS version 0.21.1-1-g345015f (webtiles) character file.

5507 sanboga the Fighter (level 10, -10/111 HPs)
             Began as a Gargoyle Monk on Feb 10, 2018.
             Was the Champion of Trog.
             Mangled by an Ice Fiend (31 damage)
             ... summoned by Fig Vieh
             ... in the Dungeon (Sprint V: "Ziggurat Sprint").
             The game lasted 00:05:52 (734 turns).

sanboga the Fighter (Gargoyle Monk)                  Turns: 734, Time: 00:05:53

Health: -10/111    AC: 41    Str: 31    XL:     10   Next: 70%
Magic:  0/10       EV:  5    Int: 15    God:    Trog [******]
Gold:   0          SH: 32    Dex: 15    Spells: 9/9 levels left

rFire    . . .     SeeInvis +   b - +5 broad axe
rCold    . . .     Gourm    .   u - +18 shield of the Gong {rElec rN+ MR+ EV-5}
rNeg     + + .     Faith    .   t - +15 Maxwell's patent armour {-Cast -Tele rElec MR+ rCorr}
rPois    ∞         Spirit   +   D - +2 hat {SInv}
rElec    +         Reflect  .   (no cloak)
rCorr    +         Harm     .   C - +0 pair of gloves {Str+3}
MR       ++...     NoTele   +   (no boots) Stlth ..........NoCast +
                                a - amulet "Heggiall" {Spirit rPois rF- Int+3 Dex+3}
HPRegen  0.28/turn              y - +6 ring of strength
MPRegen  0.12/turn              v - ring of protection from fire

@: berserking, very quick
A: blurry vision 1, negative energy resistance 1, electricity resistance,
unbreathing, petrification resistance, rot immunity, AC +7
a: Berserk, Trog's Hand, Brothers in Arms, Burn Spellbooks, Renounce Religion


You were in the Dungeon.
You worshipped Trog.
Trog was exalted by your worship.
You were very hungry.

You visited 1 branch

Inventory:

Hand Weapons
 b - a +5 broad axe (weapon)
Armour
 t - the +15 Maxwell's patent armour (worn) {-Cast -Tele rElec MR+ rCorr}
   (You found it in the Dungeon)

   It insulates you from electricity.
   It affects your resistance to hostile enchantments.
   It prevents spellcasting.
   It prevents most forms of teleportation.
   It protects you from acid and corrosion.
 u - the +18 shield of the Gong (worn) {rElec rN+ MR+ EV-5}
   (You found it in the Dungeon)

   It affects your evasion (-5).
   It insulates you from electricity.
   It protects you from negative energy.
   It affects your resistance to hostile enchantments.
 C - a +0 pair of gloves of strength (worn)
 D - a +2 hat of see invisible (worn)
Jewellery
 a - the amulet "Heggiall" (around neck) {Spirit rPois rF- Int+3 Dex+3}
   (You found it in the Dungeon)

   [amulet of guardian spirit]

   It causes incoming damage to be split between your health and magic.
   It affects your intelligence (+3).
   It affects your dexterity (+3).
   It makes you vulnerable to fire.
   It protects you from poison.
 v - a ring of protection from fire (right hand)
 y - a +6 ring of strength (left hand)
Wands
 z - a wand of disintegration (7)
 A - a wand of iceblast (7)
 B - a wand of acid (7)
Scrolls
 i - 4 scrolls of blinking
 o - 7 scrolls of fog
 p - a scroll of holy word
 q - 5 scrolls of identify
 r - 5 scrolls of remove curse
 s - 2 scrolls of fear
Potions
 d - 10 potions of curing
 e - 14 potions of heal wounds
 f - 6 potions of haste
 g - 2 potions of magic
 h - 3 potions of berserk rage
 j - 2 potions of invisibility
 k - 4 potions of resistance
 l - a potion of experience
 m - 5 potions of agility
 n - 5 potions of might
Miscellaneous
 w - a box of beasts
Comestibles
 c - 7 rations


   Skills:
 + Level 13.7 Fighting
 + Level 11.8 Axes
 + Level 12.6 Armour
 - Level 4.3 Dodging
 - Level 5.5 Stealth
 + Level 12.6 Shields


You had 9 spell levels left.
You didn't know any spells.

Dungeon Overview and Level Annotations

Branches:
Dungeon (1/1)

Altars:
Ashenzari
Cheibriados
Dithmenos
Elyvilon
Fedhas
Gozag
Hepliaklqana
Kikubaaqudgha
Makhleb
Nemelex Xobeh
Okawaru
Qazlal
Ru
Sif Muna
Trog
Uskayaw
Vehumet
Wu Jian
Xom
Yredelemnul
Zin
The Shining One
Beogh
Jiyva
Lugonu

Annotations:
D 1 transporter


Innate Abilities, Weirdness & Mutations

You are resistant to torment.
Your stone body is resilient. (AC +7)
You are immune to poison.
You resist negative energy. (rN+)
You are resistant to electric shocks. (rElec)
You can survive without breathing.
You are immune to petrification.
You are immune to rotting.
Scrolls take you a little longer to read.


Message History

You slash the Ice Fiend! You miss the quasit. You block the quasit's attack.
GONNNNG!
You block the quasit's attack.
PTOANNNG!
You block the quasit's attack.
PANG!
Avaagium gestures.
You hear a mighty clap of thunder!
The lightning arc hits the iron imp.
The iron imp resists.
The lightning arc hits the crimson imp.
The crimson imp dies!
The lightning arc hits Fig Vieh.
Fig Vieh completely resists.
The lightning arc hits Avaagium.
The lightning arc hits you! You resist.
The lightning arc hits Fig Vieh.
Fig Vieh completely resists.
The Ice Fiend claws you. The Ice Fiend freezes you!!
* * * LOW HITPOINT WARNING * * *
The Ice Fiend claws you!
* * * LOW HITPOINT WARNING * * *
The Ice Fiend freezes you!!
You die...

▓.▓.....▓.▓.▓...▓.▓
▓....©....▓...©...▓
▓▓▓▓▓▓▓▓▓▓▓▓▓▓▓▓▓▓▓
▓...8©8...▓
▓..::=)...▓
▓...=))|..▓
▓.........▓
▓..55&&5..▓
▓...1@....▓
▓...1.....▓
▓.........▓
▓....©....▓
▓▓▓▓▓▓▓▓▓▓▓


You could see Avaagium, Fig Vieh, a Hell Sentinel, an Ice Fiend, 2 iron imps and
a quasit.

Vanquished Creatures
  A death scarab (D)
  A shining eye (D)
  A naga mage (D)
  A black mamba (D)
  2 eyes of devastation (D)
  A slime creature (D)
  3 tarantellas (D)
  4 nagas (D)
  3 water moccasins (D)
  An ice beast (D)
  A phantom (D)
  5 necrophages (D)
  An eye of draining (D)
  3 scorpions (D)
  2 crimson imps (D)
  3 starcursed masses (D)
  A quasit (D)
  A jelly (D)
  An iron imp (D)
  A mummy (D)
  2 adders (D)
  An adder zombie (D)
  An adder simulacrum (D)
  A bat skeleton (D)
  A bat zombie (D)
  A ball python zombie (D)
  A giant cockroach zombie (D)
  A jackal zombie (D)
  A leopard gecko skeleton (D)
47 creatures vanquished.

Vanquished Creatures (others)
  A crimson imp (D)
  2 quasits (D)
  A white imp (D)
4 creatures vanquished.

Grand Total: 51 creatures vanquished

Notes
Turn   | Place    | Note
-------+----------+-------------------------------------------
     0 | D        | Found the +6 Majin-Bo {vamp, Archmagi MP+6 Int+6}
     0 | D        | Found the +7 great mace "Firestarter" {inner flame, rF++}
     0 | D        | sanboga the Gargoyle Monk began the quest for the Orb.
     0 | D        | Reached XP level 1. HP: 14/14 MP: 1/1
     0 | D        | Found a deep blue altar of Sif Muna.
     0 | D        | Found a bloodstained altar of Trog.
     0 | D        | Found a sacrificial altar of Ru.
     0 | D        | Found a stormy altar of Qazlal.
     0 | D        | Found an iron altar of Okawaru.
     1 | D        | Found a sparkling altar of Nemelex Xobeh.
     1 | D        | Found a blossoming altar of Fedhas.
     3 | D        | Found a transporter.
     3 | D        | Found an ancient bone altar of Kikubaaqudgha.
     3 | D        | Found a viscous altar of Jiyva.
     3 | D        | Found a corrupted altar of Lugonu.
     3 | D        | Found a hazy altar of Hepliaklqana.
     3 | D        | Found a burning altar of Makhleb.
     3 | D        | Found an opulent altar of Gozag.
    38 | D        | Found the +9 heavy crossbow "Sniper" {velocity, Acc+∞ SInv}
    38 | D        | Found the +10 dark maul {crush}
    38 | D        | Found the +15 Maxwell's patent armour {-Cast -Tele rElec MR+ rCorr}
    38 | D        | Found the +18 shield of the Gong {rElec rN+ MR+ EV-5}
    38 | D        | Found the cursed +14 obsidian axe {chop, +Fly SInv *Curse}
    82 | D        | Became a worshipper of Trog the Wrathful
    82 | D        | Reached * piety under Trog
    82 | D        | Reached ** piety under Trog
   103 | D        | Entered arena 2.
   103 | D        | Noticed an ice beast
   103 | D        | Found a transporter.
   110 | D        | Killed an ice beast
   110 | D        | Reached skill level 5 in Fighting
   110 | D        | Reached skill level 5 in Stealth
   110 | D        | Reached XP level 2. HP: 6/22 MP: 2/2
   110 | D        | Reached XP level 3. HP: 8/27 MP: 3/3
   110 | D        | Reached XP level 4. HP: 10/32 MP: 4/4
   330 | D        | Entered arena 3.
   330 | D        | Noticed a water moccasin
   330 | D        | Noticed a naga
   330 | D        | Found a transporter.
   335 | D        | Killed a water moccasin
   335 | D        | Reached *** piety under Trog
   335 | D        | Reached skill level 7 in Fighting
   335 | D        | Reached skill level 5 in Axes
   335 | D        | Reached XP level 5. HP: 37/38 MP: 5/5
   337 | D        | Killed a naga
   337 | D        | Reached skill level 5 in Armour
   337 | D        | Reached skill level 5 in Shields
   337 | D        | Reached XP level 6. HP: 44/44 MP: 6/6
   343 | D        | Reached **** piety under Trog
   345 | D        | Entered arena 4.
   345 | D        | Noticed a death scarab
   345 | D        | Found a transporter.
   346 | D        | Found the +8 demon blade "Bloodbane" {slice, *Rage +Rage Stlth-}
   350 | D        | Reached skill level 8 in Fighting
   365 | D        | Killed a death scarab
   365 | D        | Reached skill level 10 in Fighting
   365 | D        | Reached XP level 7. HP: 44/52 MP: 7/7
   365 | D        | Reached XP level 8. HP: 48/57 MP: 8/8
   368 | D        | Reached ***** piety under Trog
   374 | D        | Entered arena 5.
   374 | D        | Found a transporter.
   376 | D        | Received a gift from Trog
   395 | D        | Received a gift from Trog
   402 | D        | Entered arena 6.
   402 | D        | Noticed a starcursed mass
   402 | D        | Found a transporter.
   405 | D        | Paralysed by accursed screaming for 1 turns
   408 | D        | Killed a starcursed mass
   410 | D        | Killed a starcursed mass
   410 | D        | Reached skill level 11 in Fighting
   415 | D        | Killed a starcursed mass
   415 | D        | Reached skill level 10 in Armour
   415 | D        | Reached skill level 10 in Shields
   415 | D        | Reached XP level 9. HP: 65/65 MP: 9/9
   420 | D        | Got the amulet "Heggiall" {Spirit rPois rF- Int+3 Dex+3}
   479 | D        | Entered arena 7.
   480 | D        | Found a transporter.
   483 | D        | Reached ****** piety under Trog
   483 | D        | Received a gift from Trog
   488 | D        | Reached skill level 10 in Axes
   492 | D        | Received a gift from Trog
   492 | D        | Reached skill level 12 in Fighting
   515 | D        | Entered arena 8.
   515 | D        | Noticed an eye of devastation
   515 | D        | Noticed a shining eye
   515 | D        | Noticed an eye of devastation
   516 | D        | Found a transporter.
   522 | D        | Killed an eye of devastation
   522 | D        | Reached XP level 10. HP: 67/72 MP: 5/10
   522 | D        | Received a gift from Trog
   524 | D        | Gained mutation: Scrolls take you a little longer to read. [a shining eye]
   527 | D        | Killed a shining eye
   536 | D        | Killed an eye of devastation
   536 | D        | Reached skill level 13 in Fighting
   598 | D        | Entered arena 9.
   599 | D        | Found a transporter.
   606 | D        | Received a gift from Trog
   643 | D        | Entered arena 10.
   643 | D        | Noticed a naga mage
   643 | D        | Noticed a black mamba
   644 | D        | Found a transporter.
   651 | D        | Killed a black mamba
   654 | D        | Received a gift from Trog
   664 | D        | Killed a naga mage
   666 | D        | Received a gift from Trog
   729 | D        | Entered arena 11.
   729 | D        | Noticed Avaagium the pandemonium lord
   729 | D        | Noticed Fig Vieh the pandemonium lord
   730 | D        | Found the ring of Shadows {Umbra +Inv Stlth+}
   730 | D        | Found a transporter.
   732 | D        | Noticed a Hell Sentinel
   733 | D        | Noticed an Ice Fiend
   734 | D        | Mangled by an Ice Fiend

Skill      XL: |  1  2  3  4  5  6  7  8  9 10 |
---------------+-------------------------------+-----
Fighting       | 5 7 10 11 12 13 | 13.7
Axes           | 4 5 6 8 9 10 11 | 11.8
Dodging        | 4 |  4.3
Stealth        | 5 |  5.5
Armour         | 3 5 8 10 11 12 | 12.6
Shields        | 3 5 8 10 11 12 | 12.6

Action                   |  1- 3 |  4- 6 |  7- 9 | 10-12 || total
-------------------------+-------+-------+-------+-------++-------
Melee: Broad axe         |     6 |    22 |    34 |    38 ||   100
Invok: Burn Spellbooks   |       |     1 |     3 |     1 ||     5
       Berserk           |       |       |     1 |     1 ||     2
Armor: Plate armour      |       |    10 |    31 |    27 ||    68
Dodge: Dodged            |       |     3 |     4 |     7 ||    14
Block: Shield            |     7 |    38 |    68 |    78 ||   191
